[Event "22nd ECCC Women 2017"]
[Site "Antalya"]
[Date "2017.10.09"]
[Round "2"]
[White "Kaplan, Ebru"]
[Black "Richard, Emma"]
[Result "1/2-1/2"]
[ECO "B31"]
[WhiteElo "2001"]
[BlackElo "2086"]
[Annotator "NA"]
[PlyCount "76"]
[EventType "team-tourn"]
[EventCountry "TUR"]
[SourceTitle "playchess.com"]
[Source "ChessBase"]
[SourceQuality "1"]
[WhiteTeam "Mediterranean"]
[BlackTeam "Mulhouse Philidor"]
[TimeControl "40/5400+30:1800+30"]

1. e4 c5 2. Nf3 Nc6 3. Bb5 Nf6 4. Qe2 g6 5. c3 Bg7 6. O-O O-O 7. h3 d6 8. d4 cxd4 9. cxd4 a6 10. Ba4 b5 11. Bc2 Qc7 12. a3 $11 Nd7 13. Be3 e5 14. Rd1 Nb6 15. Nc3 Nc4 16. dxe5 N6xe5 17. Nxe5 Nxe3 18. Nxg6 Bxc3 19. Nxf8 Bxb2 20. fxe3 Bxa1 21. Rxa1 Kxf8 22. Bb3 Qc3 23. Rb1 Ra7 24. Kh1 Rc7 25. Qd1 Qe5 26. Bd5 Be6 27. a4 Bxd5 28. exd5 Rc5 29. axb5 axb5 30. Qd3 Rxd5 31. Qxh7 Qxe3 32. Rf1 Qe6 33. Qh8+ Ke7 34. Qh4+ Kd7 35. Qh7 Ke7 36. Qh4+ Kd7 37. Qh7 Ke7 38. Qh4+ Kd7 1/2-1/2

[Event "22nd ECCC Women 2017"]
[Site "Antalya"]
[Date "2017.10.10"]
[Round "2"]
[White "Sade, Defne"]
[Black "Ozbay, Ece"]
[Result "0-1"]
[ECO "B85"]
[WhiteElo "1951"]
[BlackElo "1998"]
[Annotator "NA"]
[PlyCount "94"]
[EventType "team-tourn"]
[EventCountry "TUR"]
[SourceTitle "playchess.com"]
[Source "ChessBase"]
[SourceQuality "1"]
[WhiteTeam "Aegean"]
[BlackTeam "Marmara"]
[TimeControl "40/5400+30:1800+30"]

1. e4 c5 2. Nf3 e6 3. d4 cxd4 4. Nxd4 Nc6 5. Nc3 Qc7 6. Be2 Nf6 7. Be3 a6 8. O-O Be7 9. f4 d6 10. a4 O-O 11. Qe1 b6 12. Nxc6 Qxc6 13. Bf3 Nd7 14. Qg3 Rd8 15. Kh1 Bb7 16. e5 Qc7 17. f5 dxe5 18. fxe6 fxe6 19. Qg4 Bxf3 20. Qxe6+ Kh8 21. Qxe7 Bh5 22. Qg5 Bg6 23. h4 Nf6 24. Qg3 Nh5 25. Qg5 Rf8 26. Nd5 Rxf1+ 27. Rxf1 Qc4 28. Rd1 Qxc2 29. Nc3 h6 30. Qxe5 Re8 31. Qd4 Ng3+ 32. Kg1 Nf5 33. Qd2 Nxe3 34. Qxc2 Bxc2 35. Re1 Bg6 36. Kf2 Nc4 37. Rxe8+ Bxe8 38. b3 Na5 39. b4 Nc6 40. b5 axb5 41. axb5 Ne7 42. g4 Kg8 43. Kf3 Kf7 44. Ke4 Ke6 45. g5 h5 46. Ne2 Bg6+ 47. Kd4 Nf5+ 0-1

[Event "22nd ECCC Women 2017"]
[Site "Antalya"]
[Date "2017.10.09"]
[Round "2"]
[White "Ayan, Bengu Sena"]
[Black "Caglar, Sila"]
[Result "1-0"]
[ECO "A52"]
[WhiteElo "1888"]
[BlackElo "2153"]
[Annotator "NA"]
[PlyCount "46"]
[EventType "team-tourn"]
[EventCountry "TUR"]
[SourceTitle "playchess.com"]
[Source "ChessBase"]
[SourceQuality "1"]
[WhiteTeam "Aegean"]
[BlackTeam "Marmara"]
[TimeControl "40/5400+30:1800+30"]

1. d4 Nf6 2. c4 e5 3. dxe5 Ng4 4. Bf4 g5 5. Bg3 Bg7 6. e3 Nxe5 7. Nc3 Nbc6 8. Be2 d6 9. Nf3 Be6 10. Qa4 O-O 11. h4 g4 $1 12. Nd4 Bd7 13. Qc2 $17 (13. Qd1 $1 $15) 13... Nxd4 14. exd4 Nc6 15. O-O Nxd4 16. Qd2 Bf5 17. Nd5 Re8 18. Ne3 h5 19. Bd3 Bd7 20. Nd5 Nf5 21. Bxf5 Bxf5 22. Rfe1 Be6 23. Nf4 Bxc4 1-0

[Event "22nd ECCC Women 2017"]
[Site "Antalya"]
[Date "2017.10.09"]
[Round "2"]
[White "Can, Isil"]
[Black "Choisy, Mathilde"]
[Result "1/2-1/2"]
[ECO "B08"]
[WhiteElo "1791"]
[BlackElo "2162"]
[Annotator "NA"]
[PlyCount "73"]
[EventType "team-tourn"]
[EventCountry "TUR"]
[SourceTitle "playchess.com"]
[Source "ChessBase"]
[SourceQuality "1"]
[WhiteTeam "Mediterranean"]
[BlackTeam "Mulhouse Philidor"]
[TimeControl "40/5400+30:1800+30"]

1. e4 d6 2. d4 Nf6 3. Nc3 g6 4. Nf3 Bg7 5. Bd3 O-O 6. Ne2 c5 7. c3 Bg4 8. d5 Bxf3 9. gxf3 e6 10. Bc4 $17 (10. dxe6 $1 $14 fxe6 11. O-O) 10... exd5 11. Bxd5 Nxd5 12. Qxd5 Nc6 13. Bf4 Be5 14. O-O-O Bxf4+ 15. Nxf4 Ne5 16. h4 Qf6 17. Qd2 Nxf3 18. Nd5 Nxd2 19. Nxf6+ Kg7 20. Rxd2 Kxf6 21. Rxd6+ Ke7 22. Rhd1 Rad8 23. Rxd8 Rxd8 24. Rxd8 Kxd8 25. Kd2 Kd7 26. Kd3 Kd6 27. c4 f6 28. f4 h6 29. Ke3 a6 30. b3 g5 31. Kf3 Ke6 32. Kg4 gxf4 33. Kxf4 h5 34. Kf3 Ke5 35. Ke3 b6 36. a3 a5 37. a4 1/2-1/2

[Event "22nd ECCC Women 2017"]
[Site "Antalya"]
[Date "2017.10.10"]
[Round "2"]
[White "Ovechkin, Lilia"]
[Black "Arda, Cagil Irmak"]
[Result "0-1"]
[ECO "D00"]
[WhiteElo "1779"]
[BlackElo "2040"]
[Annotator "NA"]
[PlyCount "84"]
[EventType "team-tourn"]
[EventCountry "TUR"]
[SourceTitle "playchess.com"]
[Source "ChessBase"]
[SourceQuality "1"]
[WhiteTeam "Beer Sheva"]
[BlackTeam "Anatolia"]
[TimeControl "40/5400+30:1800+30"]

1. d4 Nf6 2. Bg5 d5 3. Bxf6 gxf6 4. e3 c5 5. dxc5 e6 6. c4 dxc4 7. Qxd8+ Kxd8 8. Nc3 Bxc5 9. Bxc4 Ke7 10. Nf3 a6 11. O-O b5 12. Be2 Bb7 13. Rac1 Nd7 14. Rfd1 Rhg8 15. g3 Rac8 16. Ne1 Ne5 17. Bf1 Bb4 18. Bg2 Bxg2 19. Kxg2 Bxc3 20. Rxc3 Rxc3 21. bxc3 Rc8 22. f4 Nc4 23. Kf2 Nb2 24. Rc1 Rxc3 25. Rxc3 Nd1+ 26. Kf3 Nxc3 27. a3 f5 28. g4 a5 29. gxf5 exf5 30. Nc2 Kf6 31. Kf2 Ke6 32. Nd4+ Kd5 33. Nxf5 Nb1 34. e4+ Kc5 35. e5 Nxa3 36. Nd6 b4 37. Nxf7 b3 38. e6 Kc6 39. Ne5+ Kd6 40. Nd3 Nc4 41. Kf3 b2 42. Nxb2 Nxb2 0-1

[Event "22nd ECCC Women 2017"]
[Site "Antalya"]
[Date "2017.10.11"]
[Round "3"]
[White "Voit, Daria"]
[Black "Cosma, Elena-Luminita"]
[Result "1/2-1/2"]
[ECO "E11"]
[WhiteElo "2387"]
[BlackElo "2333"]
[Annotator "ChessBase"]
[PlyCount "61"]
[EventType "team-tourn"]
[EventCountry "TUR"]
[SourceTitle "playchess.com"]
[Source "ChessBase"]
[SourceQuality "1"]
[WhiteTeam "Legacy Square Capital"]
[BlackTeam "Timisoara"]
[TimeControl "40/5400+30:1800+30"]

1. d4 d5 2. c4 e6 3. Nf3 Nf6 4. g3 Bb4+ 5. Bd2 Be7 6. Bg2 c6 7. Qc2 Nbd7 8. O-O O-O 9. a4 a5 10. Rc1 b6 11. cxd5 cxd5 12. Nc3 Ba6 13. Nb5 Ne4 14. Be1 Rc8 15. Qb3 Rxc1 16. Rxc1 Qb8 17. e3 Rc8 18. Rxc8+ Qxc8 19. Bf1 Qc1 20. Kg2 g5 21. h3 h5 22. Bc3 Ndf6 23. Bd3 g4 24. hxg4 Nxf2 25. Kxf2 Nxg4+ 26. Kg2 Nxe3+ 27. Kf2 Ng4+ 28. Kg2 Ne3+ 29. Kf2 Ng4+ 30. Kg2 Ne3+ 31. Kf2 1/2-1/2

[Event "22nd ECCC Women 2017"]
[Site "Antalya"]
[Date "2017.10.12"]
[Round "3"]
[White "Yildiz, Betul Cemre"]
[Black "Haussernot, Cecile"]
[Result "1-0"]
[ECO "B51"]
[WhiteElo "2350"]
[BlackElo "2169"]
[Annotator "ChessBase"]
[PlyCount "113"]
[EventType "team-tourn"]
[EventCountry "TUR"]
[WhiteTeam "Anatolia"]
[BlackTeam "Mulhouse Philidor"]
[TimeControl "40/5400+30:1800+30"]

1. e4 c5 2. Nf3 d6 3. Bb5+ Nd7 4. d4 cxd4 5. Qxd4 a6 6. Bxd7+ Bxd7 7. c4 Nf6 8. Nc3 g6 9. O-O Bg7 10. c5 dxc5 11. Qxc5 Rc8 12. Qa3 O-O 13. Rd1 Re8 14. h3 Rxc3 15. Qxc3 Nxe4 16. Qb4 Nd6 17. Bf4 a5 18. Qd2 Ba4 19. Rdc1 e5 20. Bg5 Qb6 21. Be3 Qa6 22. b3 Bb5 23. Re1 e4 24. Nd4 Bd3 25. Rac1 f5 26. Ne2 Nf7 27. Rc5 Be5 28. Nc1 Rd8 29. Nxd3 Rxd3 30. Qxa5 Qd6 31. Rcc1 Kg7 32. Qc5 Qd8 33. Qc8 Qd5 34. Bc5 h6 35. Qf8+ Kh7 36. Be3 Bc3 37. Rf1 g5 38. Qc5 Qxc5 39. Bxc5 Ne5 40. Rxc3 Rxc3 41. Bd4 Nf3+ 42. gxf3 Rxf3 43. Rc1 Rxh3 44. Rc7+ Kg6 45. Rxb7 Rd3 46. Rb6+ Kh5 47. Bc5 f4 48. Re6 Rd1+ 49. Kg2 Re1 50. a4 Kg4 51. Rxe4 Rxe4 52. f3+ Kf5 53. fxe4+ Kxe4 54. a5 Kd5 55. a6 Kc6 56. b4 g4 57. b5+ 1-0

[Event "22nd ECCC Women 2017"]
[Site "Antalya"]
[Date "2017.10.11"]
[Round "3"]
[White "Fataliyeva, Ulviyya"]
[Black "Badelka, Olga"]
[Result "1-0"]
[ECO "B30"]
[WhiteElo "2348"]
[BlackElo "2353"]
[Annotator "ChessBase"]
[PlyCount "85"]
[EventType "team-tourn"]
[EventCountry "TUR"]
[SourceTitle "playchess.com"]
[Source "ChessBase"]
[SourceQuality "1"]
[WhiteTeam "Odlar Yurdu"]
[BlackTeam "Bossa Nova"]
[TimeControl "40/5400+30:1800+30"]

1. e4 c5 2. Nf3 Nc6 3. Bb5 e6 4. O-O Nge7 5. c3 a6 6. Ba4 b5 7. Bc2 Bb7 8. Qe2 Ng6 9. a4 c4 10. d3 cxd3 11. Bxd3 b4 12. Be3 Be7 13. Nbd2 bxc3 14. bxc3 Nce5 15. Bc2 Nxf3+ 16. Nxf3 O-O 17. a5 Bf6 18. Rab1 Qc7 19. Rfc1 Rfc8 20. Bd3 d6 21. Rb6 Rcb8 22. Rcb1 Bc6 23. Nd4 Bxd4 24. cxd4 Rxb6 25. Rxb6 Bb7 26. Qc2 Qd7 27. Qb1 Bc8 28. Qb4 Nf8 29. Rxd6 Qe8 30. d5 exd5 31. exd5 Bd7 32. Rxa6 Rc8 33. Rb6 Qe5 34. Qd2 f5 35. Bf1 Ng6 36. f4 Qa1 37. Rb7 Rd8 38. Qb2 Qa4 39. Rb4 Qd1 40. Qd2 Qa1 41. Bd4 Qa3 42. Bb2 Qxa5 43. Qd4 1-0

[Event "22nd ECCC Women 2017"]
[Site "Antalya"]
[Date "2017.10.11"]
[Round "3"]
[White "Zaiatz, Elena"]
[Black "Mammadova, Gulnar"]
[Result "1-0"]
[ECO "D15"]
[WhiteElo "2334"]
[BlackElo "2385"]
[Annotator "ChessBase"]
[PlyCount "69"]
[EventType "team-tourn"]
[EventCountry "TUR"]
[SourceTitle "playchess.com"]
[Source "ChessBase"]
[SourceQuality "1"]
[WhiteTeam "Bossa Nova"]
[BlackTeam "Odlar Yurdu"]
[TimeControl "40/5400+30:1800+30"]

1. d4 d5 2. c4 c6 3. Nf3 Nf6 4. Nc3 a6 5. a4 e6 6. g3 Bb4 7. Qb3 a5 8. c5 b6 9. cxb6 Qxb6 10. Bg2 Nbd7 11. O-O Ba6 12. Qc2 c5 13. Na2 cxd4 14. Nxb4 Qxb4 15. b3 Rc8 16. Qa2 Nc5 17. Ba3 Qxb3 18. Qd2 Qb6 19. Rab1 Qc7 20. Rfc1 Nfd7 21. Nxd4 O-O 22. Nb5 Qb6 23. e4 Ne5 24. exd5 Ncd3 25. Rd1 Rfd8 26. Nd6 Rxd6 27. Rxb6 Rxb6 28. f4 Nd7 29. dxe6 fxe6 30. Qxa5 Bc4 31. Qa7 N3c5 32. Bxc5 Rxc5 33. Qxd7 Rb8 34. Rc1 Rbc8 35. Bb7 1-0

[Event "22nd ECCC Women 2017"]
[Site "Antalya"]
[Date "2017.10.11"]
[Round "3"]
[White "Balajayeva, Khanim"]
[Black "Stetsko, Lanita"]
[Result "1/2-1/2"]
[ECO "C54"]
[WhiteElo "2319"]
[BlackElo "2254"]
[Annotator "ChessBase"]
[PlyCount "141"]
[EventType "team-tourn"]
[EventCountry "TUR"]
[WhiteTeam "Odlar Yurdu"]
[BlackTeam "Bossa Nova"]
[TimeControl "40/5400+30:1800+30"]

1. e4 e5 2. Nf3 Nc6 3. Bc4 Bc5 4. c3 Nf6 5. d3 d6 6. O-O O-O 7. Nbd2 a5 8. h3 h6 9. Re1 Be6 10. Bb3 Nh5 11. d4 exd4 12. cxd4 Bxb3 13. Nxb3 Bb4 14. Bd2 a4 15. d5 Bxd2 16. Nbxd2 Nb4 17. Re3 Nf4 18. a3 Nbd3 19. Qf1 Nc5 20. g3 Ng6 21. Rae1 Qf6 22. Qb5 b6 23. Qb4 Rfe8 24. Nb1 Re7 25. Nc3 Ne5 26. Nxe5 Qxe5 27. Nb5 Nb3 28. R1e2 Qh5 29. Kg2 Nc5 30. Nd4 Rae8 31. f3 Rf8 32. h4 Qg6 33. Nf5 Ree8 34. Qd4 Kh7 35. h5 Qg5 36. f4 Qf6 37. Qxf6 gxf6 38. Kf3 Ra8 39. g4 Ra5 40. e5 fxe5 41. fxe5 dxe5 42. Rxe5 Nd3 43. Re7 Rxd5 44. R2e6 Nxb2 45. Rxh6+ Kg8 46. Rxc7 Rd3+ 47. Kf4 Rxa3 48. Rxb6 Nd3+ 49. Kg5 Ne5 50. Nh6+ Kg7 51. Re6 Nf3+ 52. Kf4 Nh4 53. g5 Rb3 54. Ra6 Ng2+ 55. Ke4 Rb4+ 56. Kf3 Nf4 57. Nf5+ Kg8 58. Nh6+ Kg7 59. Nf5+ Kg8 60. Rca7 Nxh5 61. Rxa4 Rxa4 62. Rxa4 Rb8 63. Kg4 Ng7 64. Nh6+ Kf8 65. Ra7 Rb4+ 66. Kf3 Rb3+ 67. Ke4 Rb4+ 68. Ke3 Rb3+ 69. Ke4 Rb4+ 70. Ke3 Rb3+ 71. Ke4 1/2-1/2

[Event "22nd ECCC Women 2017"]
[Site "Antalya"]
[Date "2017.10.11"]
[Round "3"]
[White "Dragomirescu, Angela"]
[Black "Savina, Anastasia"]
[Result "1/2-1/2"]
[ECO "A04"]
[WhiteElo "2231"]
[BlackElo "2350"]
[Annotator "ChessBase"]
[PlyCount "169"]
[EventType "team-tourn"]
[EventCountry "TUR"]
[SourceTitle "playchess.com"]
[Source "ChessBase"]
[SourceQuality "1"]
[WhiteTeam "Timisoara"]
[BlackTeam "Legacy Square Capital"]
[TimeControl "40/5400+30:1800+30"]

1. Nf3 g6 2. g3 Bg7 3. Bg2 c5 4. O-O Nc6 5. d3 d6 6. c3 e5 7. a3 a5 8. a4 h6 9. Na3 Be6 10. Nb5 Nge7 11. e4 O-O 12. Nd2 f5 13. Nc4 d5 14. exd5 Nxd5 15. Re1 f4 16. Ncd6 Qe7 17. d4 cxd4 18. cxd4 f3 19. Bxf3 Qf6 20. Ra3 Nxd4 21. Nxd4 exd4 22. Ne4 Qf7 23. Nd6 Qd7 24. Nc4 Rae8 25. Ne5 Bxe5 26. Rxe5 Rf5 27. Rxf5 Bxf5 28. Bxh6 Nb4 29. Bd2 Nc2 30. Rb3 Qxa4 31. Rxb7 Qa2 32. Rb5 Qa1 33. Qxa1 Nxa1 34. Bxa5 Nc2 35. Bd2 Kf7 36. Kg2 Ne1+ 37. Bxe1 Rxe1 38. Rd5 Bd3 39. g4 Bf1+ 40. Kg3 d3 41. b4 Ke6 42. Rd8 Rb1 43. Kf4 Rxb4+ 44. Ke3 Be2 45. h3 Ke7 46. Rd5 Ke6 47. Rd8 Ke7 48. Rd5 Ke6 49. Ra5 Bxf3 50. Kxf3 Rb1 51. Ra6+ Ke5 52. Ke3 g5 53. Ra5+ Kf6 54. h4 gxh4 55. Kxd3 Rb4 56. f3 Rb3+ 57. Ke4 Rb4+ 58. Ke3 Rb3+ 59. Kf2 Rb2+ 60. Kg1 h3 61. Rh5 Kg6 62. Rxh3 Kg5 63. Rh5+ Kf4 64. Rf5+ Kg3 65. Kf1 Kh4 66. Rd5 Kg3 67. Rf5 Kh4 68. Ke1 Rg2 69. Rd5 Kg3 70. Rd3 Kf4 71. Rd2 Rg3 72. Rd3 Rg2 73. Rd2 Rg3 74. Rf2 Rg1+ 75. Ke2 Ra1 76. Rf1 Ra2+ 77. Kd3 Ra5 78. Kd4 Rg5 79. Kd3 Ra5 80. Kc4 Rg5 81. Kd4 Ra5 82. Kd3 Ra3+ 83. Kd4 Ra5 84. Rg1 Rg5 85. Rf1 1/2-1/2

[Event "22nd ECCC Women 2017"]
[Site "Antalya"]
[Date "2017.10.11"]
[Round "3"]
[White "Choisy, Mathilde"]
[Black "Isgandarova, Khayala"]
[Result "1/2-1/2"]
[ECO "C11"]
[WhiteElo "2162"]
[BlackElo "2242"]
[Annotator "ChessBase"]
[PlyCount "195"]
[EventType "team-tourn"]
[EventCountry "TUR"]
[SourceTitle "playchess.com"]
[Source "ChessBase"]
[SourceQuality "1"]
[WhiteTeam "Mulhouse Philidor"]
[BlackTeam "Anatolia"]
[TimeControl "40/5400+30:1800+30"]

1. e4 e6 2. d4 d5 3. Nc3 Nf6 4. e5 Nfd7 5. Nce2 c5 6. c3 Nc6 7. Nf3 Qa5 8. a3 cxd4 9. b4 Qb6 10. cxd4 a5 11. b5 Qxb5 12. Nc3 Qb6 13. Rb1 Qd8 14. Bd3 Be7 15. O-O O-O 16. Qc2 f5 17. exf6 Nxf6 18. Re1 Bd6 19. Nb5 h6 20. Qe2 Bb8 21. Ne5 Ne7 22. a4 Bd7 23. Nxd7 Qxd7 24. Ba3 Rf7 25. Qxe6 Qxe6 26. Rxe6 Nc6 27. Bg6 Rd7 28. g3 Bc7 29. Bc5 Nd8 30. Re2 Rc8 31. Bf5 Bb8 32. Bb6 Nc6 33. Bxd7 Nxd7 34. Bc5 Nxc5 35. dxc5 Ne5 36. Nd6 Rxc5 37. Nxb7 Rc8 38. Nxa5 Bd6 39. Nb7 Rb8 40. Kg2 Nc4 41. Rb5 Bf8 42. Re1 Na3 43. Rb3 Nc2 44. Rd1 Nb4 45. Na5 Ra8 46. Nb7 Rb8 47. Na5 Ra8 48. Rxb4 Bxb4 49. Nc6 Bc3 50. Ne7+ Kf7 51. Nxd5 Bb2 52. Rb1 Bd4 53. Rb7+ Kg6 54. Rb4 Ba1 55. Rc4 Ra5 56. Nf4+ Kf5 57. Nd3 Ke6 58. Nc5+ Kd5 59. Nb3 Kxc4 60. Nxa5+ Kb4 61. Nc6+ Kxa4 62. Ne7 Kb5 63. Kf3 Kc5 64. Ke4 Kd6 65. Ng6 Ke6 66. h4 Kf6 67. Nf4 g5 68. Nd5+ Kg6 69. Ne7+ Kf6 70. Nf5 Kg6 71. f3 gxh4 72. Nxh4+ Kf6 73. Nf5 Kg6 74. Ne3 Bc3 75. f4 h5 76. Ng2 Kf6 77. Nh4 Be1 78. Kf3 Ke6 79. Ng2 Bd2 80. Ne3 Bc1 81. Ke4 Kf6 82. Nd5+ Ke6 83. f5+ Kf7 84. Nf4 Kf6 85. Nxh5+ Kg5 86. Nf4 Bxf4 87. gxf4+ Kf6 88. Ke3 Kxf5 89. Kf3 Kf6 90. Ke4 Ke6 91. f5+ Kf6 92. Kf4 Kf7 93. Ke5 Ke7 94. f6+ Kf7 95. Kf5 Kf8 96. Ke6 Ke8 97. f7+ Kf8 98. Kf6 1/2-1/2

[Event "22nd ECCC Women 2017"]
[Site "Antalya"]
[Date "2017.10.11"]
[Round "3"]
[White "Caglar, Sila"]
[Black "Klinova, Masha"]
[Result "1-0"]
[ECO "B06"]
[WhiteElo "2153"]
[BlackElo "2289"]
[Annotator "ChessBase"]
[PlyCount "60"]
[EventType "team-tourn"]
[EventCountry "TUR"]
[WhiteTeam "Marmara"]
[BlackTeam "Beer Sheva"]
[TimeControl "40/5400+30:1800+30"]

1. e4 d6 2. d4 g6 3. Nc3 Bg7 4. Be3 c6 5. f3 Nd7 6. Qd2 b5 7. g4 Nb6 8. h4 h5 9. g5 Qc7 10. f4 e6 11. Nf3 Ne7 12. b3 b4 13. Ne2 c5 14. Rd1 Bb7 15. Ng3 O-O 16. Be2 Rac8 17. O-O Rfd8 18. dxc5 dxc5 19. Qe1 Rxd1 20. Bxd1 Nd7 21. Be2 Nc6 22. Qf2 Nd4 23. Nxd4 cxd4 24. Bxd4 Bxd4 25. Qxd4 Qc5 26. Rd1 a5 27. f5 exf5 28. exf5 Qc6 29. Bf1 Nc5 30. fxg6 Qxg6 1-0

[Event "22nd ECCC Women 2017"]
[Site "Antalya"]
[Date "2017.10.12"]
[Round "3"]
[White "Arda, Cagil Irmak"]
[Black "Neuhauser, Salome"]
[Result "1-0"]
[ECO "B55"]
[WhiteElo "2040"]
[BlackElo "2140"]
[Annotator "ChessBase"]
[PlyCount "127"]
[EventType "team-tourn"]
[EventCountry "TUR"]
[WhiteTeam "Anatolia"]
[BlackTeam "Mulhouse Philidor"]
[TimeControl "40/5400+30:1800+30"]

1. e4 c5 2. Nf3 d6 3. d4 cxd4 4. Nxd4 Nf6 5. f3 e5 6. Nb3 d5 7. Bg5 d4 8. c3 Nc6 9. Bb5 h6 10. Bh4 Qb6 11. Bxc6+ bxc6 12. cxd4 Bb4+ 13. Nc3 Ba6 14. Bf2 Rd8 15. a3 Be7 16. Qc2 exd4 17. Na4 Qc7 18. Nxd4 O-O 19. Qxc6 Qe5 20. Qxa6 Nxe4 21. fxe4 Qxe4+ 22. Kf1 Rxd4 23. Bxd4 Qxd4 24. Qe2 Qf4+ 25. Qf3 Qxa4 26. Re1 Bf6 27. b4 Rc8 28. g3 Rc2 29. Qa8+ Kh7 30. Qe4+ g6 31. Re2 Rxe2 32. Kxe2 Qxa3 33. Rd1 a5 34. Qd5 axb4 35. Qxf7+ Bg7 36. Rd3 Qb2+ 37. Rd2 Qe5+ 38. Kf2 h5 39. Re2 Qf6+ 40. Qxf6 Bxf6 41. Kf3 b3 42. Re6 b2 43. Rb6 g5 44. Ke4 Kg6 45. h3 g4 46. hxg4 hxg4 47. Kf4 Kf7 48. Kf5 Bd4 49. Rb7+ Ke8 50. Kxg4 Kd8 51. Kf5 Kc8 52. Rb3 Kd7 53. Ke4 Bf6 54. Kd5 Kc7 55. g4 Kd7 56. Rb7+ Kc8 57. Kc6 Kd8 58. Kd6 Kc8 59. Rb5 Bg7 60. g5 Bf8+ 61. Ke6 Bg7 62. Kf7 Bd4 63. g6 Kc7 64. g7 1-0

[Event "22nd ECCC Women 2017"]
[Site "Antalya"]
[Date "2017.10.12"]
[Round "3"]
[White "Ozbay, Ece"]
[Black "Ovechkin, Lilia"]
[Result "1-0"]
[ECO "B01"]
[WhiteElo "1998"]
[BlackElo "1779"]
[Annotator "NA"]
[PlyCount "77"]
[EventType "team-tourn"]
[EventCountry "TUR"]
[WhiteTeam "Marmara"]
[BlackTeam "Beer Sheva"]
[TimeControl "40/5400+30:1800+30"]

1. e4 d5 2. exd5 Qxd5 3. Nc3 Qd6 4. d4 Nf6 5. g3 c6 6. Bf4 Qb4 7. a3 Qa5 8. Bg2 e6 9. Qe2 Be7 10. Nf3 O-O 11. Ne5 Nd5 12. Bd2 Nxc3 13. Bxc3 Qc7 14. h4 f6 15. Nd3 Bd6 16. f4 Bd7 17. O-O-O Na6 18. Bh3 Rae8 19. Rhe1 Qc8 20. g4 Nc7 21. g5 fxg5 22. fxg5 Nd5 23. Bd2 Qc7 24. Ne5 Bc8 25. Rf1 Qe7 26. g6 h6 27. Nf7 Bxa3 28. Qh5 Nf6 29. Rxf6 Bxb2+ 30. Kxb2 Qxf6 31. Bg5 Rxf7 32. Bxf6 Rxf6 33. Qe5 Rd8 34. h5 Rd5 35. Qc7 Bd7 36. Rf1 Rxf1 37. Bxf1 Kf8 38. Bc4 Rxd4 39. Qd8+ 1-0

[Event "22nd ECCC Women 2017"]
[Site "Antalya"]
[Date "2017.10.11"]
[Round "3"]
[White "Sahin, Handenur"]
[Black "Kaplan, Ebru"]
[Result "1-0"]
[ECO "C84"]
[WhiteElo "1960"]
[BlackElo "2001"]
[Annotator "NA"]
[PlyCount "85"]
[EventType "team-tourn"]
[EventCountry "TUR"]
[WhiteTeam "Aegean"]
[BlackTeam "Mediterranean"]
[TimeControl "40/5400+30:1800+30"]

1. e4 e5 2. Nf3 Nc6 3. Bb5 a6 4. Ba4 Nf6 5. d3 d6 6. c3 Be7 7. O-O O-O 8. Re1 Re8 9. Nbd2 b5 10. Bc2 Bf8 11. Nf1 h6 12. d4 Bg4 13. d5 Ne7 14. h3 Bh5 15. Ng3 Bg6 16. Nh4 Bh7 17. Qf3 Nexd5 18. Nhf5 Nb6 19. Bb3 a5 20. a3 Rb8 21. Rd1 c5 22. Ne3 c4 23. Ba2 Na4 24. Nd5 Nxd5 25. Rxd5 Qf6 26. Qe2 Qe6 27. Rxb5 Nb6 28. Be3 d5 29. exd5 Nxd5 30. Qxc4 Nxe3 31. fxe3 Qd7 32. Rxb8 Rxb8 33. Rf1 Bg6 34. b4 Rc8 35. Qa6 Rxc3 36. Qxg6 Rc7 37. Nh5 Kh8 38. Bxf7 Rc6 39. Qe4 Rc8 40. Qxe5 Qa7 41. Rf6 Rc1+ 42. Kh2 Kh7 43. Bg6+ 1-0

[Event "22nd ECCC Women 2017"]
[Site "Antalya"]
[Date "2017.10.11"]
[Round "3"]
[White "Brusilovski, Lena"]
[Black "Hereklioglu, Sude"]
[Result "0-1"]
[ECO "B28"]
[WhiteElo "1881"]
[BlackElo "2165"]
[Annotator "ChessBase"]
[PlyCount "50"]
[EventType "team-tourn"]
[EventCountry "TUR"]
[WhiteTeam "Beer Sheva"]
[BlackTeam "Marmara"]
[TimeControl "40/5400+30:1800+30"]

1. e4 c5 2. Nf3 a6 3. d4 cxd4 4. Nxd4 Nf6 5. Nc3 e5 6. Nf3 Bb4 7. Bd2 d6 8. Bd3 Nc6 9. a3 Bxc3 10. Bxc3 Bg4 11. h3 Bh5 12. g4 Bg6 13. Qe2 Nd7 14. O-O-O Nc5 15. Nh2 Na4 16. Be1 Nd4 17. Qd2 Nc5 18. Qe3 Rc8 19. Kb1 Nxd3 20. cxd3 Nc2 21. Qa7 Qc7 22. Bd2 O-O 23. Be3 Nxa3+ 24. bxa3 Qc2+ 25. Ka1 Rc3 0-1

[Event "22nd ECCC Women 2017"]
[Site "Antalya"]
[Date "2017.10.11"]
[Round "3"]
[White "Celik, Eda"]
[Black "Can, Isil"]
[Result "1-0"]
[ECO "D00"]
[WhiteElo "1880"]
[BlackElo "1791"]
[Annotator "NA"]
[PlyCount "33"]
[EventType "team-tourn"]
[EventCountry "TUR"]
[WhiteTeam "Aegean"]
[TimeControl "40/5400+30:1800+30"]

1. d4 d5 2. Bf4 c6 3. e3 Bf5 4. c4 e6 5. Nc3 Nf6 6. Qb3 Qb6 7. c5 Qxb3 8. axb3 a6 9. Nf3 h6 10. h3 g5 11. Bh2 Bg7 12. b4 Ne4 13. Nd2 Nxd2 14. Kxd2 Ke7 15. Bd6+ Kd7 16. Na4 Kd8 17. Nb6 1-0

[Event "22nd ECCC Women 2017"]
[Site "Antalya"]
[Date "2017.10.12"]
[Round "3"]
[White "Ince, Safiye Oyku"]
[Black "Ayan, Bengu Sena"]
[Result "0-1"]
[ECO "C00"]
[WhiteElo "1861"]
[BlackElo "1888"]
[Annotator "NA RC"]
[PlyCount "66"]
[EventType "team-tourn"]
[EventCountry "TUR"]
[WhiteTeam "Mediterranean"]
[BlackTeam "Aegean"]
[TimeControl "40/5400+30:1800+30"]

1. e4 e6 2. b3 d5 3. Bb2 dxe4 4. Nc3 Nf6 5. Qe2 Bb4 6. O-O-O Bxc3 7. dxc3 Qe7 8. g4 h5 9. g5 Ng4 10. Nh3 Bd7 11. Bg2 Nc6 12. Bxe4 O-O-O 13. b4 f6 14. Qb5 a6 15. Qe2 fxg5 16. b5 axb5 17. Qxb5 Nf6 18. Bg2 Nd5 19. c4 Nb6 20. c5 Nd5 21. c4 Ndb4 22. Ba3 Nxa2+ 23. Kb2 Nc3 24. Kxc3 Qf6+ 25. Kd2 Be8+ 26. Kc1 Qc3+ 27. Kb1 Bg6+ 28. Ka2 Rxd1 29. Rxd1 Qc2+ 30. Bb2 Qxd1 31. Bxc6 bxc6 32. Qa6+ Kd7 33. Nxg5 Rb8 0-1

[Event "22nd ECCC Women 2017"]
[Site "Antalya"]
[Date "2017.10.12"]
[Round "3"]
[White "Ozbek, Busra"]
[Black "Sade, Defne"]
[Result "0-1"]
[ECO "D12"]
[WhiteElo "1850"]
[BlackElo "1951"]
[Annotator "NA"]
[PlyCount "140"]
[EventType "team-tourn"]
[EventCountry "TUR"]
[WhiteTeam "Mediterranean"]
[BlackTeam "Aegean"]
[TimeControl "40/5400+30:1800+30"]

1. d4 d5 2. Nf3 Nf6 3. e3 Bf5 4. c4 c6 5. Nc3 e6 6. Nh4 Bg6 7. Nxg6 hxg6 8. Qb3 Qb6 9. g3 Nbd7 10. Bg2 Qxb3 11. axb3 a6 12. Bd2 O-O-O 13. O-O Bd6 14. Rac1 Kb8 15. Rfd1 Bc7 16. Be1 Nb6 17. Nb1 Rd7 18. Ba5 Rhd8 19. c5 Nc8 20. Bxc7+ Kxc7 21. Nd2 Ng8 22. Bh3 f5 23. Nf3 Rf7 24. Ne5 Rf6 25. Nf3 Nh6 26. Ng5 Rh8 27. Kg2 Nf7 28. f4 Nxg5 29. fxg5 Rff8 30. g4 Rh4 31. gxf5 gxf5 32. Rf1 Rfh8 33. Rf3 Ne7 34. Rcf1 Ng6 35. R1f2 R8h5 36. b4 Kd7 37. Rf1 Ke7 38. R1f2 Kf7 39. Rg3 Kg8 40. Rf1 Kh7 41. Rff3 Nh8 42. Rf2 Kg6 43. Rf4 Nf7 44. Rxh4 Rxh4 45. Kg1 Nxg5 46. Bf1 Kf6 47. Be2 Ne4 48. Rf3 g5 49. Rf1 e5 50. dxe5+ Kxe5 51. Ra1 Nd2 52. b5 cxb5 53. c6 bxc6 54. Rxa6 Rb4 55. Rxc6 Rxb2 56. Bh5 Nc4 57. Be8 Nxe3 58. Rb6 b4 59. Bc6 Kd4 60. Ba4 Kd3 61. h3 Ke2 62. Bb5+ Ke1 63. Rg6 Rg2+ 64. Kh1 b3 65. h4 b2 66. Bd3 Kf2 67. Rxg5 Rxg5 68. hxg5 d4 69. g6 Nd5 70. g7 Ne7 0-1